Map: Fear and Faith LE

Players

Pepsi - Winner!

  • Race: Protoss Protoss
  • League: Diamond
  • Spawn Location: 7:00

KDIGGITYDIZZ

  • Race: Zerg Zerg
  • League: Diamond
  • Spawn Location: 5:00

VOD

Have the link to the VOD?

Description

New patch 07/09, ZvP - D3, things get messy

Time

  • Played on: July 9, 2026, 8:24 p.m.
  • Length: 23:56
Show
View Real Time Build Order
Export as new Build Order

Pepsi Protoss - Winner!

Build Orders:  

Get SALT Encoding   

  8  0:00  Probe (Chrono Boost)  
  9  0:13  Probe (Chrono Boost)  
  10  0:17  Probe (Chrono Boost)  
  11  0:28  Probe  
  12  0:35  Pylon  
  12  0:41  Probe  
  13  0:53  Probe (Chrono Boost)  
  14  1:01  Gateway  
  14  1:05  Probe (Chrono Boost)  
  15  1:24  Probe  
  16  1:26  Forge  
  16  1:36  Probe  
  16  1:37  Pylon  
  17  1:54  Zealot  
  17  2:00  Photon Cannon  
  19  2:04  Photon Cannon  
  19  2:15  Cybernetics Core  
  19  2:30  Assimilator  
  19  2:31  Probe  
  19  2:34  Assimilator  
  20  2:43  Probe  
  21  2:59  Probe (Chrono Boost)  
  21  3:02  Pylon  
  22  3:10  Probe (Chrono Boost)  
  23  3:21  Probe  
  23  3:22  Warp Gate (Chrono Boost), Nexus  
  24  3:34  Probe  
  25  3:37  Pylon  
  25  3:46  Photon Cannon  
  25  3:48  Probe  
  26  4:09  Photon Cannon  
  26  4:24  Photon Cannon  
  26  4:46  Stalker (Chrono Boost)  
  26  4:52  Nexus  
  28  5:05  Photon Cannon  
  28  5:16  Pylon  
  28  5:20  Probe  
  29  5:32  Probe  
  26  5:45  Nexus  
  24  6:00  Stalker  
  25  6:31  Stalker  
  27  6:38  Assimilator  
  27  6:55  Stargate  
  27  6:57  Assimilator, Probe (Chrono Boost)  
  29  7:05  Probe (Chrono Boost)  
  30  7:09  Probe (Chrono Boost)  
  30  7:15  Probe (Chrono Boost)  
  31  7:16  Probe (Chrono Boost)  
  32  7:25  Probe (Chrono Boost)  
  32  7:28  Stalker  
  36  7:30  Probe (Chrono Boost)  
  36  7:32  Probe (Chrono Boost)  
  38  7:37  Probe  
  38  7:39  Probe  
  39  7:49  Probe  
  40  7:52  Void Ray  
  40  7:54  Probe (Chrono Boost)  
  45  8:01  Probe (Chrono Boost)  
  45  8:02  Photon Cannon  
  47  8:10  Probe (Chrono Boost)  
  47  8:14  Gateway  
  47  8:15  Probe (Chrono Boost)  
  47  8:17  Probe  
  49  8:20  Assimilator  
  49  8:24  Assimilator  
  49  8:27  Probe  
  49  8:29  Probe  
  51  8:36  Pylon  
  52  8:41  Probe (Chrono Boost)  
  52  8:42  Probe (Chrono Boost)  
  52  8:46  Robotics Facility  
  53  8:49  Phoenix  
  53  8:53  Probe (Chrono Boost)  
  57  8:55  Probe (Chrono Boost)  
  57  9:04  Probe (Chrono Boost)  
  57  9:05  Probe (Chrono Boost)  
  59  9:14  Phoenix  
  59  9:16  Probe (Chrono Boost)  
  63  9:18  Probe (Chrono Boost)  
  64  9:24  Probe (Chrono Boost)  
  64  9:36  Nexus  
  64  9:39  Phoenix, Assimilator  
  64  9:41  Pylon  
  64  9:57  Pylon  
  64  9:59  Probe x2  
  66  10:00  Pylon  
  66  10:02  Pylon  
  65  10:11  Pylon  
  65  10:15  Forge, Void Ray  
  65  10:16  Immortal (Chrono Boost)  
  65  10:20  Probe  
  65  10:21  Probe  
  75  10:22  Gateway  
  75  10:32  Probe  
  75  10:33  Probe, Gateway  
  77  10:45  Probe x2, Zealot  
  81  10:53  Immortal (Chrono Boost)  
  81  10:56  Probe (Chrono Boost)  
  81  10:57  Probe (Chrono Boost)  
  87  10:58  Phoenix  
  87  11:03  Probe (Chrono Boost)  
  90  11:07  Probe x2 (Chrono Boost)  
  93  11:11  Probe (Chrono Boost)  
  93  11:12  Probe x2 (Chrono Boost)  
  93  11:18  Assimilator  
  95  11:20  Cybernetics Core  
  95  11:21  Probe  
  95  11:22  Probe  
  95  11:23  Probe  
  95  11:25  Observer  
  99  11:33  Nexus, Probe  
  99  11:34  Probe, Pylon  
  99  11:36  Probe  
  102  11:43  Void Ray (Chrono Boost)  
  102  11:45  Immortal (Chrono Boost)  
  110  11:57  Zealot x2  
  114  12:02  Probe  
  114  12:03  Probe x2  
  117  12:10  Twilight Council  
  117  12:15  Pylon  
  105  13:12  Zealot x3  
  103  13:16  Protoss Ground Weapons Level 1 (Chrono Boost)  
  103  13:17  Photon Cannon  
  101  13:20  Photon Cannon, Probe  
  101  13:21  Probe  
  101  13:22  Probe x2  
  101  13:24  Dark Shrine  
  101  13:26  Gateway  
  105  13:28  Gateway  
  105  13:29  Gateway  
  105  13:31  Gateway  
  105  13:32  Gateway  
  105  13:33  Probe x2, Void Ray (Chrono Boost)  
  111  13:34  Probe  
  111  13:35  Zealot x3, Gateway  
  111  13:38  Pylon  
  118  13:41  Pylon  
  118  13:44  Assimilator  
  118  13:48  Assimilator  
  118  13:53  Nexus  
  118  13:56  Assimilator, Immortal (Chrono Boost)  
  118  14:00  Assimilator  
  118  14:02  Pylon  
  122  14:04  Pylon  
  122  14:06  Zealot x2  
  122  14:07  Zealot  
  128  14:16  Gateway  
  128  14:17  Probe x2  
  128  14:19  Gateway  
  128  14:22  Nexus  
  128  14:23  Zealot  
  128  14:24  Zealot, Assimilator  
  134  14:25  Assimilator  
  134  14:27  Zealot  
  134  14:28  Zealot x2  
  134  14:29  Pylon, Zealot  
  134  14:31  Pylon  
  142  14:41  Dark Templar  
  142  14:47  Dark Templar x2  
  142  14:50  Zealot x2  
  142  14:51  Zealot  
  142  14:52  Zealot  
  149  15:02  Pylon  
  135  15:34  Cybernetics Core  
  135  15:35  Gateway  
  134  15:37  Zealot x6  
  108  16:07  Zealot x4  
  108  16:14  Phoenix  
  100  16:24  Probe x3  
  101  16:37  Probe x3  
  101  16:38  Probe  
  101  16:39  Phoenix  
  107  16:48  Protoss Ground Armor Level 1 (Chrono Boost)  
  107  16:49  Probe  
  107  16:52  Twilight Council  
  108  16:54  Photon Cannon  
  108  17:00  Photon Cannon  
  108  17:03  Photon Cannon, Phoenix  
  108  17:04  Photon Cannon  
  108  17:06  Shield Battery  
  108  17:07  Photon Cannon  
  114  17:08  Photon Cannon, Probe (Chrono Boost)  
  114  17:10  Photon Cannon  
  114  17:12  Dark Templar x3, Photon Cannon  
  114  17:13  Probe (Chrono Boost)  
  114  17:14  Probe x3 (Chrono Boost), Zealot x4, Photon Cannon  
  127  17:17  Photon Cannon x2  
  127  17:19  Photon Cannon  
  127  17:21  Photon Cannon, Probe (Chrono Boost)  
  127  17:22  Photon Cannon  
  124  17:28  Phoenix (Chrono Boost)  
  124  17:29  Photon Cannon  
  124  17:31  Photon Cannon  
  124  17:32  Photon Cannon  
  124  17:34  Charge (Chrono Boost)  
  124  17:35  Photon Cannon  
  124  17:39  Photon Cannon  
  124  17:41  Photon Cannon  
  124  17:44  Robotics Bay  
  124  17:46  Phoenix (Chrono Boost)  
  126  17:53  Photon Cannon  
  126  17:54  Pylon  
  126  17:56  Zealot x4  
  126  17:57  Zealot x3, Pylon  
  140  18:07  Pylon  
  140  18:09  Shield Battery  
  140  18:10  Photon Cannon  
  140  18:13  Probe x6, Photon Cannon  
  140  18:15  Photon Cannon  
  140  18:19  Templar Archives  
  146  18:22  Zealot x5, Photon Cannon  
  146  18:24  Photon Cannon  
  146  18:25  Probe x3  
  159  18:27  Photon Cannon  
  159  18:28  Photon Cannon  
  159  18:29  Phoenix  
  159  18:30  Pylon, Photon Cannon  
  159  18:31  Stargate  
  161  18:35  Stargate x2  
  161  18:36  Probe x2  
  161  18:37  Protoss Shields Level 1 (Chrono Boost), Pylon  
  163  18:41  Extended Thermal Lance (Chrono Boost)  
  163  18:43  Forge  
  163  18:46  Psionic Storm  
  163  18:47  Observer (Chrono Boost)  
  164  18:57  Colossus (Chrono Boost)  
  164  19:02  Photon Cannon  
  170  19:04  Probe  
  170  19:06  Photon Cannon  
  170  19:07  High Templar  
  170  19:08  High Templar x2  
  170  19:09  High Templar x3  
  183  19:12  Archon  
  183  19:18  Phoenix  
  185  19:26  Fleet Beacon  
  185  19:28  Photon Cannon  
  185  19:31  High Templar  
  185  19:32  Photon Cannon, High Templar x2  
  185  19:35  Probe  
  192  19:42  Probe x3  
  192  19:43  Probe, Phoenix  
  198  19:48  Protoss Ground Armor Level 2 (Chrono Boost)  
  198  19:59  Phoenix  
  200  20:08  Pylon  
  200  20:15  Pylon  
  200  20:17  Pylon  
  200  20:18  Gateway  
  200  20:19  Pylon  
  200  20:20  Gateway  
  200  20:22  Gateway  
  200  20:24  Photon Cannon  
  200  20:26  Photon Cannon  
  200  20:31  Protoss Ground Weapons Level 2 (Chrono Boost)  
  190  20:44  Photon Cannon  
  190  20:46  Photon Cannon  
  190  20:49  Photon Cannon  
  190  20:51  Photon Cannon  
  190  20:52  Carrier  
  190  20:53  Tempest, Photon Cannon  
  190  20:56  Photon Cannon  
  200  20:59  Photon Cannon  
  200  21:03  Pylon  
  200  21:06  Pylon  
  200  21:12  Pylon  
  200  21:18  Void Ray x2  
  182  21:36  Observer, Void Ray  
  187  21:52  Dark Templar x4  
  187  21:53  Dark Templar x2  
  199  22:09  Anion Pulse-Crystals (Chrono Boost)  
  197  22:21  Stalker  
  197  22:22  Stalker x2  
  199  22:23  Stalker  
  199  22:24  Stalker  
  199  22:25  Stalker  
  198  22:30  Stalker  
  200  23:27  Nexus  
  200  23:30  Assimilator  
  196  23:34  Assimilator  
  196  23:36  Stalker  
  196  23:37  Pylon, Stalker x3  
  196  23:41  Pylon  
Show
View Real Time Build Order
Export as new Build Order

KDIGGITYDIZZ Zerg 

Build Orders: Pool First 

Get SALT Encoding   

  8  0:00  Drone  
  9  0:10  Drone  
  10  0:17  Drone  
  11  0:27  Overlord  
  11  0:33  Drone  
  12  0:46  Drone x2  
  14  0:51  Drone  
  15  1:00  Drone  
  16  1:10  Drone  
  17  1:33  Drone x2, Spawning Pool  
  18  1:47  Drone  
  19  1:54  Drone  
  20  2:04  Overlord  
  20  2:22  Queen  
  20  2:23  Zergling x2  
  20  2:24  Zergling x2  
  24  2:32  Spine Crawler  
  24  2:34  Hatchery  
  22  2:44  Drone x2  
  23  2:55  Drone  
  24  3:01  Hatchery  
  23  3:14  Drone x2  
  25  3:25  Drone  
  26  3:31  Extractor  
  26  3:32  Extractor  
  24  3:48  Spine Crawler  
  23  3:50  Spine Crawler x2  
  23  3:52  Spine Crawler  
  23  3:54  Zergling x2  
  21  3:57  Zergling x2  
  21  4:00  Queen  
  24  4:14  Queen  
  26  4:19  Zergling x2  
  26  4:20  Zergling x2  
  28  4:41  Drone x2  
  30  4:47  Queen  
  32  4:53  Drone  
  31  5:01  Drone  
  31  5:02  Drone x4  
  31  5:06  Overlord  
  36  6:08  Spore Crawler  
  36  6:09  Hatchery  
  31  6:37  Drone  
  31  7:09  Drone  
  31  7:11  Overlord x5  
  32  7:20  Queen  
  34  7:27  Drone x2  
  36  7:30  Overlord x5  
  36  7:36  Lair, Roach Warren  
  35  7:56  Queen, Spine Crawler  
  36  8:00  Queen  
  38  8:10  Spore Crawler  
  37  8:15  Spore Crawler  
  36  8:20  Drone  
  37  8:27  Drone  
  37  8:28  Drone x3  
  37  8:31  Queen  
  43  8:35  Roach  
  43  8:36  Queen  
  43  8:37  Roach  
  49  8:42  Roach  
  51  8:53  Drone x4  
  51  8:54  Drone  
  56  9:04  Ravager x3  
  56  9:07  Roach x2  
  63  9:11  Roach  
  65  9:51  Drone  
  65  9:52  Drone x11  
  77  9:54  Queen  
  77  9:55  Ravager  
  77  9:56  Ravager  
  77  9:59  Overseer x2  
  81  10:00  Drone  
  81  10:02  Spine Crawler  
  81  10:04  Spine Crawler  
  80  10:18  Roach x6  
  92  10:40  Spore Crawler  
  92  10:41  Spore Crawler  
  90  10:44  Drone x2  
  90  10:45  Drone x7  
  90  10:46  Spore Crawler  
  98  10:50  Spore Crawler  
  98  10:55  Hydralisk Den  
  98  10:56  Drone x2, Evolution Chamber  
  97  10:57  Evolution Chamber  
  97  11:02  Extractor  
  97  11:04  Extractor  
  94  11:14  Roach x4  
  102  11:35  Hatchery  
  102  11:36  Hydralisk x3  
  102  11:38  Overlord  
  107  12:16  Hydralisk  
  107  12:17  Hydralisk x3  
  107  12:19  Overlord x5  
  107  12:21  Muscular Augments  
  115  12:23  Zerg Missile Weapons Level 1  
  108  12:31  Hydralisk  
  108  12:32  Hydralisk  
  108  12:35  Zergling x4  
  108  12:36  Zergling x2  
  104  12:43  Hydralisk x2  
  98  12:48  Hydralisk  
  98  12:50  Hydralisk  
  96  12:58  Hydralisk x2  
  96  13:05  Hydralisk  
  96  13:06  Hydralisk  
  96  13:09  Zergling x2  
  96  13:10  Zergling x2  
  96  13:11  Zergling x2  
  100  13:17  Drone x3  
  100  13:18  Overseer  
  103  13:20  Overseer  
  103  13:25  Grooved Spines  
  103  13:33  Hydralisk  
  103  13:37  Drone  
  106  13:42  Hatchery  
  106  13:43  Queen  
  107  13:57  Zergling x20  
  107  13:59  Metabolic Boost  
  117  14:04  Hydralisk  
  117  14:06  Hydralisk  
  117  14:09  Hydralisk  
  121  14:15  Zergling x6  
  127  14:17  Drone  
  126  14:31  Zerg Missile Weapons Level 2  
  126  14:32  Zerg Ground Armor Level 1  
  126  14:37  Hydralisk x4  
  126  14:47  Hydralisk x3  
  126  14:49  Zergling x2  
  131  15:08  Overseer x3  
  131  15:09  Overseer x6  
  103  15:15  Zergling x2  
  103  15:16  Zergling x14  
  103  15:24  Pneumatized Carapace  
  103  15:25  Zergling x8  
  105  15:36  Hydralisk x3  
  105  15:38  Roach  
  105  15:40  Roach  
  106  15:54  Zergling x14  
  106  15:56  Zergling x2  
  113  16:02  Hydralisk  
  111  16:05  Zergling x2  
  76  16:31  Zergling x16  
  82  16:36  Hydralisk  
  80  16:43  Drone x3  
  70  17:00  Hydralisk x3  
  74  17:03  Drone  
  74  17:04  Drone x5  
  80  17:19  Hatchery  
  76  17:22  Zerg Ground Armor Level 2  
  76  17:23  Zerg Melee Weapons Level 1  
  76  17:29  Hatchery  
  70  17:41  Spire  
  70  17:42  Drone  
  70  17:50  Drone  
  70  17:51  Drone x2  
  73  17:53  Extractor  
  73  17:56  Extractor  
  71  18:01  Hydralisk  
  71  18:02  Roach x2  
  71  18:03  Roach x5  
  71  18:04  Zergling x2, Hatchery  
  87  18:13  Hydralisk  
  87  18:14  Hatchery, Hydralisk x2  
  87  18:18  Overseer  
  92  18:21  Infestation Pit  
  92  18:24  Overlord x2  
  91  18:31  Queen  
  93  18:36  Drone  
  93  18:38  Queen  
  96  18:44  Roach  
  96  18:45  Roach  
  96  18:46  Roach  
  96  18:48  Drone  
  103  18:49  Drone  
  103  18:51  Drone  
  105  18:57  Drone  
  105  18:58  Drone x3  
  105  18:59  Drone  
  105  19:00  Drone  
  111  19:03  Drone  
  111  19:04  Drone  
  113  19:13  Queen  
  115  19:31  Queen  
  115  19:33  Overlord x4  
  115  19:34  Overlord  
  117  19:38  Hatchery  
  117  19:39  Hive  
  117  19:41  Corruptor  
  117  19:43  Drone  
  117  19:44  Drone  
  117  19:45  Drone  
  121  19:46  Drone  
  121  19:47  Drone  
  121  19:48  Drone  
  121  19:49  Drone  
  121  19:51  Drone  
  121  19:52  Drone  
  127  19:53  Drone  
  127  19:54  Drone  
  127  19:55  Drone  
  127  19:56  Drone  
  127  19:57  Drone  
  132  20:01  Queen  
  134  20:12  Corruptor  
  134  20:13  Corruptor x3  
  142  20:27  Roach x10  
  162  20:39  Mutalisk x7  
  162  20:40  Mutalisk  
  162  20:42  Drone  
  179  20:43  Drone  
  180  20:54  Greater Spire  
  180  20:55  Adrenal Glands, Hydralisk  
  180  20:56  Hydralisk x4, Zergling x2  
  191  20:58  Hydralisk  
  181  21:13  Roach  
  181  21:14  Roach x6  
  181  21:15  Roach x2  
  155  21:31  Mutalisk  
  155  21:32  Mutalisk x3  
  117  21:33  Zergling x8  
  117  21:34  Zergling x26  
  92  22:09  Overlord  
  92  22:10  Overlord x10  
  87  22:15  Overseer x3  
  83  22:31  Hydralisk  
  83  22:33  Roach x5  
  95  22:49  Roach  
  95  22:50  Roach x5  
  105  23:03  Hatchery  
  104  23:19  Roach  
  106  23:21  Overlord x2  
Tags
 
Add a new tag
Caveats
  • Supply blocks, unpowered buildings, or Contaminate may cause inaccurate times.
  • Supply counts are checked every 10 seconds.